 Dungeon Crawl Stone Soup version 0.23-a0-487-gc6253629db (webtiles) character file.

280 Naow the Chopper (level 6, -18/47 HPs)
             Began as a Formicid Fighter on Dec 1, 2018.
             Demolished by an ogre
             ... wielding a +0 giant club
              (23 damage)
             ... on level 4 of the Dungeon.
             The game lasted 00:06:07 (3357 turns).

Naow the Chopper (Formicid Fighter)                 Turns: 3357, Time: 00:06:07

Health: -18/47     AC: 11    Str: 22    XL:     6   Next: 52%
Magic:  6/6        EV:  4    Int:  8    God:
Gold:   187        SH:  9    Dex: 10    Spells: 5/5 levels left

rFire    . . .     SeeInvis +   a - +0 war axe
rCold    . . .     Gourm    .   n - +0 shield (curse)
rNeg     . . .     Faith    .   k - +0 plate armour
rPois    .         Spirit   .   (helmet unavailable)
rElec    .         Reflect  .   (no cloak)
rCorr    .         Harm     .   (no gloves)
MR       .....                  (no boots)
Stlth    ..........             (no amulet)
HPRegen  0.15/turn              (no ring)
MPRegen  0.10/turn              (no ring)

@: no status effects
A: permanent stasis, dig shafts and tunnels, four strong arms, antennae 3
a: Dig, Shaft Self


You were on level 4 of the Dungeon.
You were not hungry.

You visited 1 branch of the dungeon, and saw 4 of its levels.

You collected 187 gold pieces.

Inventory:

Hand Weapons
 a - a +0 war axe (weapon)
Armour
 b - a +0 scale mail
 c - a +0 shield
 k - a +0 plate armour (worn)
 n - a cursed +0 shield (worn)
Jewellery
 l - an uncursed amulet of rage {unknown}
Scrolls
 m - 3 scrolls of identify {unknown}
 p - a scroll of teleportation {unknown}
 q - a scroll of blinking {unknown}
 r - a scroll of enchant armour {unknown}
 s - a scroll of enchant weapon {unknown}
 u - a scroll of amnesia {unknown}
Potions
 d - a potion of might
 e - a potion of brilliance {unknown}
 g - a potion of heal wounds {unknown}
 i - 2 potions of lignification {unknown}
 j - a potion of agility {unknown}
 o - a potion of berserk rage {unknown}
 t - a potion of cancellation {unknown}
Comestibles
 f - 5 rations
 h - 3 chunks of flesh


   Skills:
 - Level 3.2 Fighting
 + Level 6.4 Axes
 - Level 3.2 Armour
 - Level 3.6 Shields


You had 5 spell levels left.
You didn't know any spells.
Your spell library was empty.

Dungeon Overview and Level Annotations

Branches:
Dungeon (4/15)
 Temple: D:4-7

Altars:
Ashenzari
Okawaru
Qazlal
Ru
Uskayaw
Wu Jian
Yredelemnul


Innate Abilities, Weirdness & Mutations

You cannot be hasted, slowed, berserked, paralysed or teleported.
You can dig through walls and to a lower floor.
Your four strong arms can wield two-handed weapons with a shield.
You have a pair of large antennae on your head. (SInv)


Message History

You should not fight recklessly!
An ogre is nearby!
You hit the ogre but do no damage.
The ogre is lightly wounded.
An ogre is nearby!
You hit the ogre but do no damage.
The ogre is lightly wounded.
The ogre hits you with a +0 giant club!
You are too injured to fight recklessly!
You slash the ogre!
The ogre is heavily wounded.
The ogre barely misses you.
You slash the ogre!
The ogre is almost dead.
The ogre hits you with a +0 giant club!
* * * LOW HITPOINT WARNING * * *
You hit the ogre.
The ogre is almost dead.
The ogre hits you with a +0 giant club!!
You die...

≈♣♣≈≈≈≈≈≈≈≈P≈≈≈ .#........
#≈≈≈≈≈P≈≈≈≈≈≈≈ ♣≈≈P###..(....÷
..#♣≈♣≈♣P♣♣♣≈♣♣♣♣♣≈≈#...##.......
#.#####≈P≈♣♣≈≈≈≈...............#.
#.######.##..#.....<....##._.####
#..............#.......# #... #
###########..###.......# #.#. .
####..# #.O...... ## .
#####....####@....... ..
#........###...(.....
#.................#.#
#.....#...........$..
##.##.#......##......
####..#.##..# #....# #...#.....#
....# #........... .....
#............ ..


You could see an ogre.

Vanquished Creatures
  4 worker ants (D:4)
  6 adders
  2 oozes
  A worm (D:3)
  2 dart slugs (D:1)
  5 leopard geckos
  9 orcs
  A ball python (D:1)
  6 giant cockroaches
  4 goblins
  7 hobgoblins
  11 jackals
  2 quokkas
  16 bats
  2 frilled lizards
  A jackal skeleton (D:4)
  12 kobolds
  10 rats
101 creatures vanquished.

Notes
Turn   | Place    | Note
-------+----------+-------------------------------------------
     0 | D:1      | Naow the Formicid Fighter began the quest for the Orb.
     0 | D:1      | Reached XP level 1. HP: 18/18 MP: 1/1
    99 | D:1      | Reached XP level 2. HP: 24/24 MP: 2/2
   202 | D:1      | Reached skill level 3 in Axes
   402 | D:1      | Reached XP level 3. HP: 22/29 MP: 3/3
  1186 | D:2      | Found a stormy altar of Qazlal.
  1204 | D:2      | Reached skill level 4 in Axes
  1204 | D:2      | Reached XP level 4. HP: 35/35 MP: 4/4
  1346 | D:2      | Found a shattered altar of Ashenzari.
  1368 | D:2      | Found an iron altar of Okawaru.
  1392 | D:2      | Found a sacrificial altar of Ru.
  1478 | D:2      | Found a hide-covered altar of Uskayaw.
  1947 | D:3      | Found a faded altar of an unknown god.
  1949 | D:3      | Reached XP level 5. HP: 37/41 MP: 5/5
  2110 | D:3      | Reached skill level 5 in Axes
  2646 | D:4      | Reached XP level 6. HP: 39/47 MP: 6/6
  2652 | D:4      | Reached skill level 6 in Axes
  2908 | D:4      | Found an ornate altar of the Wu Jian Council.
  3332 | D:4      | Found a basalt altar of Yredelemnul.
  3348 | D:4      | Noticed an ogre
  3357 | D:4      | Demolished by an ogre

Vault maps used:
D:1:      minmay_arrival_hallway, serial_co_window_serial, co_window_paths_b,
          co_window_corner_a, co_window_paths_b, co_window_paths_b,
          co_window_paths_a, co_window_of_opportunity_c, co_window_2corner,
          co_window_corner_b, co_window_4corner_a, glass_columns_a,
          glass_columns_a, minmay_cut_off
D:2:      nicolae_overflow_crystal_walls, nicolae_overflow_quartered_altars,
          first_ration
D:3:      chequers_ecumenical_altar_simple_redux
D:4:      overflow_temple_1_default, yredelemnul_altar_generic, serial_shops,
          nicolae_shop_stone, serial_bayou_lake_a

Skill      XL: |  1  2  3  4  5  6 |
---------------+-------------------+-----
Axes           | 3 4 5 6 |  6.4
Fighting       | |  3.2
Armour         | |  3.2
Shields        | |  3.6

Action                   |  1- 3 |  4- 6 || total
-------------------------+-------+-------++-------
Melee: War axe           |   112 |   277 ||   389
  Eat: Chunk             |     1 |     8 ||     9
Armor: Scale mail        |    49 |       ||    49
       Plate armour      |    39 |   173 ||   212
Dodge: Dodged            |    49 |    44 ||    93
Block: Shield            |    80 |   155 ||   235

Table legend:
 A = Non-vault XP
 B = Vault XP
 C = Vault XP percentage of total XP
 D = Non-vault monster count
 E = Vault monster count
 F = Vault count percentage of total count
                 A         B        C        D         E       F
            +---------+---------+-------+---------+---------+-------
      Total |     393 |       8 |   2.0 |      97 |       4 |   4.0
            +---------+---------+-------+---------+---------+-------
        D:1 |      46 |       8 |  14.8 |      28 |       4 |  12.5
        D:2 |      33 |       0 |   0.0 |      16 |       0 |   0.0
        D:3 |     107 |       0 |   0.0 |      32 |       0 |   0.0
        D:4 |     207 |       0 |   0.0 |      21 |       0 |   0.0
            +---------+---------+-------+---------+---------+-------
